 Dungeon Crawl Stone Soup version 0.16-a0-2145-g6af420d (webtiles) character file.

46 smajdalf the Ruffian (level 3, -3/29 HPs)
             Began as a Ghoul Warper on Nov 13, 2014.
             Slain by Sigmund
             ... wielding a +0 scythe
              (4 damage)
             ... on level 2 of the Dungeon.
             The game lasted 00:04:06 (2214 turns).

smajdalf the Ruffian (Ghoul Warper)                 Turns: 2214, Time: 00:04:06

Health: -3/29      AC:  3    Str: 19      XL:     3   Next: 68%
Magic:  5/5        EV: 11    Int:  9      God:
Gold:   33         SH:  0    Dex:  7 (8)  Spells: 1 memorised, 4 levels left

rFire  . . .     SeeInvis .       - Unarmed
rCold  + . .     Clarity  .     b - +0 leather armour
rNeg   + + +     SustAb   .     (no shield)
rPois  +         Gourm    .     (no helmet)
rElec  .         Spirit   .     (no cloak)
rCorr  .         Warding  .     (no gloves)
rMut   .         Stasis   .     (no boots)
MR     .....                    (no amulet)
Stlth  +.........               (no ring)
                                (no ring)

@: mighty, rotting, not resistant to hostile enchantments, very unstealthy
A: rotting body, claws 1, carnivore 3, cold resistance 1, negative energy
resistance 3, poison resistance, slow healing 1, torment resistance, unbreathing
a: no special abilities


You were on level 2 of the Dungeon.
You were not hungry.

You visited 1 branch of the dungeon, and saw 2 of its levels.

You collected 33 gold pieces.

Inventory:

Missiles
 e - 5 tomahawks of dispersal (quivered)
Armour
 b - a +0 leather armour (worn)
Scrolls
 a - a scroll of recharging {unknown}
 d - a scroll of blinking
 f - 3 scrolls of remove curse {unknown}
 i - 5 scrolls of noise {unknown}
 j - a scroll of identify {unknown}
 k - 2 scrolls of teleportation {unknown}
 l - a scroll of magic mapping {unknown}
 o - a scroll of random uselessness {unknown}
Potions
 m - 2 potions of curing
Books
 c - a book of Spatial Translocations

   Spells                             Type                      Level
   *Apportation                       Translocation                1
   Blink                              Translocation                2
   Shroud of Golubria                 Charms/Translocation         2
   Portal Projectile                  Translocation                3
   Teleport Other                     Translocation                3
   Passage of Golubria                Translocation                4
Comestibles
 p - a chunk of flesh


   Skills:
 - Level 2.1 Fighting
 - Level 0.8 Throwing
 - Level 0.8 Armour
 - Level 1.7 Dodging
 + Level 4.3 Unarmed Combat
 - Level 1.7 Spellcasting
 - Level 2.6 Translocations


You had 4 spell levels left.
You knew the following spells:

 Your Spells              Type           Power        Failure   Level  Hunger
a - Apportation           Tloc           #.........   12%         1    ##.....


Dungeon Overview and Level Annotations

Branches:
Dungeon (2/15)

Altars:
Nemelex Xobeh

Annotations:
D:2 Sigmund


Innate Abilities, Weirdness & Mutations

Your body is rotting away.
You thrive on raw meat.
You have sharp fingernails.
You are carnivorous and can eat meat at any time.
Your flesh is cold resistant.
You are immune to negative energy.
Your system is resistant to poisons.
You heal slowly when monsters are visible.
You are immune to unholy pain and torment.
You can survive without breathing.


Message History

You close the door.
Something unseen opens the door.
Drink which item? (? for menu, Esc to quit)
You feel dead inside.
Your body decomposes!
You feel clumsy.
It was a potion of beneficial mutation.
Something hits you.
Drink which item? (? for menu, Esc to quit)
You feel magically purged.
It was a potion of cancellation.
Drink which item? (? for menu, Esc to quit)
You feel very mighty all of a sudden.
It was a potion of might.
Something hits you. Something hits you.
There is an open door here.
You miss something. You claw something! Something hits you.
You miss something. You closely miss something. Something hits you!
* * * LOW HITPOINT WARNING * * *
You closely miss something. Something hits you.
You die...

#.####.# #.# #.#
#.# #.# ##.## #.#
#...# #.#####
#...# #......
#.### #####...#
#......
#.....##......##
##.....
#S.@......# #.....
#.##.....## #.....
# #.....# #.....
####### #.....
##.###
########.... .
.............
#....########.....
.........)........


You could see a ball python.

Vanquished Creatures
  2 worms
  A giant gecko (D:1)
  5 bats (D:1)
  8 goblins
  4 hobgoblins
  3 giant cockroaches
  A giant newt (D:2)
  4 kobolds (D:1)
  3 rats (D:1)
31 creatures vanquished.

Notes
Turn   | Place    | Note
--------------------------------------------------------------
     0 | D:1      | smajdalf, the Ghoul Warper, began the quest for the Orb.
     0 | D:1      | Reached XP level 1. HP: 17/17 MP: 2/2
   308 | D:1      | Reached XP level 2. HP: 19/24 MP: 3/3
   323 | D:1      | Reached skill level 3 in Unarmed Combat
  1546 | D:1      | Reached XP level 3. HP: 18/28 MP: 5/5
  1982 | D:2      | Reached skill level 4 in Unarmed Combat
  2032 | D:2      | Found a sparkling altar of Nemelex Xobeh.
  2201 | D:2      | Noticed Sigmund
  2213 | D:2      | HP: 1/29 [something (12)]
  2214 | D:2      | Slain by Sigmund

Action                   || total
-------------------------++-------
Melee: Unarmed           ||    99
  Use: Potion            ||     4
  Eat: Chunk             ||    14
